 Dungeon Crawl Stone Soup version 0.26-a0-812-g31a745ddcd (webtiles) character file.

Game seed: 8051599958772715496

12252 Dracia the Destroyer (level 11, -1/74 HPs)
             Began as a Grey Draconian Conjurer on Dec 9, 2020.
             Was an Elder of Vehumet.
             Slain by Snorg (6 damage)
             ... on level 10 of the Dungeon.
             The game lasted 00:43:04 (16776 turns).

Dracia the Destroyer (Grey Draconian Conjurer)     Turns: 16776, Time: 00:43:05

Health: -1/74      AC: 15    Str:  9    XL:     11   Next: 60%
Magic:  24/24      EV: 12    Int: 23    God:    Vehumet [****..]
Gold:   404        SH:  0    Dex: 11    Spells: 8/28 levels left

rFire    . . .     SeeInvis +   t - +6 short sword (elec)
rCold    x . .     Faith    .   (no shield)
rNeg     + . .     Spirit   .   (armour unavailable)
rPois    +         Reflect  .   (helmet restricted)
rElec    +         Harm     .   (no cloak)
rCorr    .         Rampage  .   z - +0 pair of gloves
MR       +....                  k - +1 pair of boots
Stlth    +++.......             (no amulet)
HPRegen  0.22/turn              x - ring "Xiytir" {rPois rC- rN+ Int+2}
MPRegen  0.19/turn              o - ring "Lotesta" {rElec Slay+2 SInv Stlth+}

@: frozen ramparts
A: walk through water, unfitting armour, stinger 1, magic resistance 1,
unbreathing, cold-blooded, AC +12
a: Renounce Religion


You were on level 10 of the Dungeon.
You worshipped Vehumet.
Vehumet was greatly pleased with you.
You visited 2 branches of the dungeon, and saw 11 of its levels.
You also visited: Ossuary.

You collected 806 gold pieces.
You spent 402 gold pieces at shops.


Innate Abilities, Weirdness & Mutations

You can walk through water.
Your dull iron-grey scales are very hard. (AC +12)
You cannot fit into any form of body armour.
You can survive without breathing.
You are cold-blooded and may be slowed by cold attacks.
Your tail ends in a poisonous barb.
You are resistant to hostile enchantments. (MR+)


   Skills:
 - Level 1.7 Dodging
 - Level 1.7 Stealth
 + Level 9.4 Spellcasting
 * Level 14.1 Conjurations
 - Level 7.0 Evocations


You had 8 spell levels left.
You knew the following spells:

 Your Spells              Type           Power        Failure   Level
d - Dazzling Flash        Conj/Hex       #####.       1%          3
f - Fulminant Prism       Conj/Hex       #####.....   1%          4
r - Frozen Ramparts       Ice            ##....       5%          3
s - Searing Ray           Conj           ######       1%          2
t - Static Discharge      Conj/Air       #####...     1%          3
z - Magic Dart            Conj           ####         0%          1
X - Iskenderun's Mystic   Conj/Tloc      #####...     1%          4

Your spell library contained the following spells:

 Spells                   Type           Power        Failure   Level


Inventory:

Hand Weapons
 a - a +0 mace
 d - a +2 short sword of draining
 t - a +6 short sword of electrocution (weapon)
Missiles
 i - 42 poisoned darts (quivered)
 l - a throwing net {=f=f}
 q - 2 curare-tipped darts {=f=f}
Armour
 k - a +1 pair of boots (worn)
 z - a +0 pair of gloves (worn)
Magical Staves
 s - an uncursed staff of poison {!a!a}
Jewellery
 o - the ring "Lotesta" (right hand) {rElec Slay+2 SInv Stlth+}
   (You bought it in a shop on level 6 of the Dungeon)

   [ring of see invisible]

   It affects your accuracy and damage with ranged weapons and melee attacks
   (+2).
   It insulates you from electricity.
   It lets you see invisible.
   It makes you more stealthy.
 x - the ring "Xiytir" (left hand) {rPois rC- rN+ Int+2}
   (You found it on level 9 of the Dungeon)

   [ring of positive energy]

   It affects your intelligence (+2).
   It makes you vulnerable to cold.
   It protects you from poison.
   It protects you from negative energy.
 L - an uncursed ring of flight
Wands
 e - a wand of iceblast (3)
 m - a wand of flame (15)
 r - a wand of enslavement (16)
 y - a wand of polymorph (8)
Scrolls
 c - 6 scrolls of remove curse {@r2@r2}
 g - 21 scrolls of identify {@r1@r1}
 h - 8 scrolls of teleportation {@r4@r4}
 p - a scroll of fog
 u - 2 scrolls of fear
 w - a scroll of magic mapping {unknown}
Potions
 b - 4 potions of heal wounds {@q2@q2}
 f - a potion of brilliance
 j - 4 potions of berserk rage {!q!q}
 n - 3 potions of curing {@q1@q1}
 v - 2 potions of flight

Dungeon Overview and Level Annotations

Branches:
Dungeon (10/15)            Temple (1/1) D:4             Orc (0/2) D:10
Ossuary (visited)
   Lair: D:8-11

Altars:
Ashenzari
Cheibriados
Dithmenos
Elyvilon
Gozag
Hepliaklqana
Makhleb
Nemelex Xobeh
Okawaru
Qazlal
Ru
Sif Muna
Uskayaw
Vehumet
Wu Jian
Xom
Yredelemnul
Zin
The Shining One

Shops:
D:6 =

Annotations:
D:10 Snorg

#..# #..# #..# #..#
#..# #..# #..# #..#
#..# #..# #..# #..#
#..# #..# #..# #..#
#..# #..# #..# #..#
#..#
#..###..####..#######
#..T@[...............
#.............†......
#####################


You could see Snorg (berserk).


Message History

You hit Snorg. Lightning courses through Snorg!!
Snorg is severely wounded.
The wall freezes Snorg.
Snorg bites you! Snorg barely misses you. Snorg closely misses you.
The wall freezes Snorg.
Snorg bites you but does no damage. Snorg claws you! x2
* * * LOW HITPOINT WARNING * * *
The wall freezes Snorg.
The wall freezes Snorg. x2; Snorg bites you!!
* * * LOW HITPOINT WARNING * * *
Snorg claws you but does no damage. x2
Casting: Iskenderun's Mystic Blast (dangerous; 1% risk of failure)
Confirm with . or Enter, or press ? or * to list all spells.
Okay, then.
You feel much better.
The wall freezes Snorg.
Snorg bites you but does no damage. Snorg closely misses you. x2
Casting: Iskenderun's Mystic Blast (dangerous; 1% risk of failure)
Confirm with . or Enter, or press ? or * to list all spells.
Okay, then.
Evoke which item? (* to show all) (? for menu, Esc to quit)
Press: ? - help, Shift-Dir - straight line, p - Snorg
Okay, then.
Evoke which item? (* to show all) (? for menu, Esc to quit)
Okay, then.
Magic courses through your body.
The wall freezes Snorg.
Snorg barely misses you. Snorg claws you!
* * * LOW HITPOINT WARNING * * *
Snorg claws you!
* * * LOW HITPOINT WARNING * * *
The wall freezes Snorg.
Snorg barely misses you. Snorg claws you.
You die...

Skill      XL: |  1  2  3  4  5  6  7  8  9 10 11 |
---------------+----------------------------------+-----
Conjurations   | 5 6 7 8 10 11 13 14 | 14.1
Spellcasting   | 3 4 5 6 7 8 9 |  9.4
Evocations     | 4 6 7 |  7.0
Dodging        | |  1.7
Stealth        | |  1.7

Action                   |  1- 3 |  4- 6 |  7- 9 | 10-12 || total
-------------------------+-------+-------+-------+-------++-------
Melee: Mace              |   112 |    36 |       |       ||   148
       Unarmed           |     2 |       |       |       ||     2
       Tailslap          |     6 |    13 |    43 |    13 ||    75
       Short sword       |       |   125 |   351 |   169 ||   645
       Staff             |       |       |     4 |       ||     4
 Cast: Magic Dart        |     4 |     9 |    66 |    69 ||   148
       Searing Ray       |     4 |    17 |    28 |    16 ||    65
       Dazzling Flash    |       |       |     3 |       ||     3
       Fulminant Prism   |       |       |     6 |     8 ||    14
       Static Discharge  |       |       |     5 |     1 ||     6
       Iskenderun's Myst |       |       |       |    10 ||    10
       Frozen Ramparts   |       |       |       |     4 ||     4
Evoke: Wand              |       |       |       |     5 ||     5
  Use: Scroll            |     5 |     2 |     5 |     6 ||    18
       Potion            |       |     2 |     7 |     4 ||    13
 Stab: Sleeping          |     3 |     2 |     3 |     5 ||    13
Armor: Skin              |    47 |    43 |   257 |   105 ||   452
Dodge: Dodged            |    86 |   105 |   351 |   184 ||   726

Levels and vault maps discovered:
D:1:      kennysheep_arrival_seaside, layout_rooms
D:2:      layout_loops_corners, lemuel_coloured_pillars_altar,
          nicolae_ru_the_path_less_chosen, elyvilon_altar_4
D:3:      layout_basic
D:4:      cheibrodos_helix_gallery, layout_cave_pools, kennysheep_ying_yang,
          kennysheep_little_box, minmay_temple_entry_trees,
          lightli_ossuary_entry_decrepit_ruins
D:5:      layout_cave_pools, okawaru_altar_gauntlet_db
D:6:      cheibrodos_two_vegetables, layout_loops_ring, tgw_sif, serial_shops,
          nicolae_shop_statue_plus
D:7:      layout_loops_ring, minitemple, serial_co_window_serial,
          co_window_corner_a, co_window_paths_b, co_window_paths_a,
          co_window_paths_a, co_window_corner_a, co_window_of_opportunity_a,
          co_window_of_opportunity_b, co_window_corner_ca, co_window_corner_cb,
          co_window_of_opportunity_c, co_window_corner_b, co_window_corner_cb,
          co_window_4corner_b, glass_columns_a, yredelemnul_altar_generic,
          uniq_maggie
D:8:      layout_rooms, zin_scriptorium, old_standard_altar,
          minmay_misc_feat_nine_boxes, minmay_alternating_orb
D:9:      layout_gridville, basic_altar, kennysheep_potato
D:10:     layout_long_grid, erik_orc_1, solitary_fountain, uniq_erolcha,
          uniq_snorg
Temple:   nicolae_temple_hex_pool

Notes
Turn   | Place    | Note
-------+----------+-------------------------------------------
     0 | D:1      | Dracia the Draconian Conjurer began the quest for the Orb.
     0 | D:1      | Reached XP level 1. HP: 14/14 MP: 3/3
   181 | D:1      | Reached XP level 2. HP: 20/20 MP: 5/5
  1029 | D:1      | Reached XP level 3. HP: 15/26 MP: 6/6
  1165 | D:1      | Learned a level 2 spell: Searing Ray
  1169 | D:1      | Learned a level 3 spell: Dazzling Flash
  1425 | D:2      | Found a white marble altar of Elyvilon.
  1538 | D:2      | Found a sacrificial altar of Ru.
  1982 | D:2      | Reached skill level 5 in Conjurations
  2040 | D:2      | Reached XP level 4. HP: 32/33 MP: 3/8
  2100 | D:2      | Reached skill level 3 in Spellcasting
  2102 | D:2      | Reached XP level 5. HP: 38/38 MP: 2/9
  2116 | D:2      | Reached skill level 6 in Conjurations
  2138 | D:2      | Found a hide-covered altar of Uskayaw.
  2933 | D:2      | Reached XP level 6. HP: 45/45 MP: 7/11
  3728 | D:3      | Learned a level 4 spell: Fulminant Prism
  4017 | D:3      | Reached skill level 4 in Spellcasting
  4258 | D:4      | Found a sand-covered staircase.
  4278 | Ossuary  | Entered an ossuary
  4633 | Ossuary  | Reached skill level 7 in Conjurations
  5216 | Ossuary  | Your scales start taking on a dull iron-grey colour.
  5216 | Ossuary  | Reached XP level 7. HP: 20/50 MP: 5/13
  5216 | Ossuary  | Gained mutation: You can survive without breathing. [Grey
                  | Draconian growth]
  6234 | D:4      | Found a staircase to the Ecumenical Temple.
  6290 | Temple   | Entered the Ecumenical Temple
  6375 | Temple   | Became a worshipper of Vehumet
  6465 | D:4      | Reached skill level 8 in Conjurations
  6783 | D:4      | Found a sparkling altar of Nemelex Xobeh.
  6843 | D:4      | Found a white marble altar of Elyvilon.
  6965 | D:4      | Found a basalt altar of Yredelemnul.
  7023 | D:5      | Entered Level 5 of the Dungeon
  7234 | D:4      | Reached skill level 5 in Spellcasting
  7422 | D:5      | Reached XP level 8. HP: 50/57 MP: 10/15
  7547 | D:4      | Reached * piety under Vehumet
  7547 | D:4      | Offered knowledge of Foxfire by Vehumet.
  7547 | D:4      | Reached skill level 9 in Conjurations
  7855 | D:5      | Learned a level 4 spell: Iskenderun's Mystic Blast
  8189 | D:5      | Found an iron altar of Okawaru.
  8440 | D:6      | Found Feiva's Jewellery Boutique.
  8448 | D:6      | Bought the ring "Lotesta" {rElec Slay+2 SInv Stlth+} for
                  | 402 gold pieces
  8900 | D:6      | Noticed Blork the orc
  8910 | D:6      | Killed Blork the orc
  8910 | D:6      | Reached skill level 6 in Spellcasting
  8967 | D:6      | Found a shimmering blue altar of Sif Muna.
  9202 | D:6      | Reached skill level 10 in Conjurations
  9547 | D:6      | Reached XP level 9. HP: 50/62 MP: 12/18
  9677 | D:7      | Noticed Maggie
  9686 | D:7      | Killed Maggie
  9686 | D:7      | Reached skill level 1 in Evocations
  9757 | D:7      | Reached ** piety under Vehumet
  9757 | D:7      | Offered knowledge of Freeze by Vehumet.
 10171 | D:7      | Reached skill level 2 in Evocations
 10293 | D:7      | Found a basalt altar of Yredelemnul.
 10790 | D:7      | Reached skill level 7 in Spellcasting
 10790 | D:7      | Reached skill level 11 in Conjurations
 11040 | D:7      | Found a broken altar of Ashenzari.
 11040 | D:7      | Found an iron altar of Okawaru.
 11526 | D:8      | Reached skill level 3 in Evocations
 11757 | D:8      | Offered knowledge of Static Discharge by Vehumet.
 12025 | D:8      | Found a hazy altar of Hepliaklqana.
 12041 | D:8      | Learned a level 3 spell: Static Discharge
 12074 | D:8      | Reached *** piety under Vehumet
 12081 | D:8      | Reached skill level 4 in Evocations
 12098 | D:8      | HP: 2/62 [orc warrior/stone (15)]
 12130 | D:7      | Reached XP level 10. HP: 16/69 MP: 19/21
 13028 | D:8      | Reached skill level 12 in Conjurations
 13124 | D:8      | Found a glowing silver altar of Zin.
 13160 | D:8      | Gained mutation: Your tail ends in a poisonous barb.
                  | [potion of mutation]
 13160 | D:8      | Gained mutation: You are resistant to hostile enchantments.
                  | (MR+) [potion of mutation]
 13492 | D:9      | Offered knowledge of Inner Flame by Vehumet.
 13860 | D:9      | Reached skill level 8 in Spellcasting
 13884 | D:9      | Got a clouded steel ring
 13912 | D:9      | Identified the ring "Xiytir" {rPois rC- rN+ Int+2} (You
                  | found it on level 9 of the Dungeon)
 14047 | D:9      | Reached skill level 5 in Evocations
 14548 | D:9      | Found a basalt altar of Yredelemnul.
 14816 | D:10     | Entered Level 10 of the Dungeon
 14872 | D:10     | Reached **** piety under Vehumet
 15309 | D:10     | Identified a +2 robe of resistance
 15309 | D:10     | Noticed Erolcha
 15318 | D:10     | Killed Erolcha
 15411 | D:10     | Found a staircase to the Orcish Mines.
 15419 | D:10     | Offered knowledge of Frozen Ramparts by Vehumet.
 15425 | D:10     | Reached skill level 13 in Conjurations
 15448 | D:10     | Learned a level 3 spell: Frozen Ramparts
 15460 | D:10     | Reached skill level 6 in Evocations
 15668 | D:10     | Noticed a two-headed ogre
 15668 | D:10     | Noticed a two-headed ogre
 15668 | D:10     | Noticed an ogre mage
 15671 | D:10     | Noticed a two-headed ogre
 15672 | D:10     | Noticed a two-headed ogre
 15672 | D:10     | Noticed a two-headed ogre
 15673 | D:10     | Noticed a two-headed ogre
 15674 | D:10     | Noticed a two-headed ogre
 15677 | D:10     | Killed a two-headed ogre
 15677 | D:10     | Reached XP level 11. HP: 74/74 MP: 4/23
 15685 | D:10     | Killed a two-headed ogre
 15687 | D:10     | Killed an ogre mage
 15687 | D:10     | Reached skill level 9 in Spellcasting
 15718 | D:10     | HP: 7/74 [two-headed ogre/+0 giant club (24)]
 16027 | D:10     | Killed a two-headed ogre
 16030 | D:10     | Killed a two-headed ogre
 16030 | D:10     | Reached skill level 7 in Evocations
 16221 | D:10     | Noticed a two-headed ogre
 16230 | D:10     | Killed a two-headed ogre
 16230 | D:10     | Reached skill level 14 in Conjurations
 16471 | D:10     | Noticed an unseen horror
 16477 | D:10     | Killed an unseen horror
 16761 | D:10     | Noticed Snorg
 16774 | D:10     | HP: 5/74 [Snorg (22)]
 16776 | D:10     | Slain by Snorg

Vanquished Creatures
  Erolcha (D:10)
  An ogre mage (D:10)
  4 two-headed ogres (D:10)
  An unseen horror (D:10)
  Maggie (D:7)
  A komodo dragon (D:10)
  A troll (D:10)
  A steam dragon (D:9)
  An acid dragon (D:10)
  A soldier ant (D:8)
  3 orc warriors
  A sky beast (D:7)
  A swamp drake (D:10)
  2 black bears
  5 ogres
  An ice beast (D:6)
  A phantom (D:4)
  A centaur (D:9)
  4 big kobolds
  Blork the orc (D:6)
  7 bullfrogs
  A gnoll sergeant (D:6)
  A wyvern zombie (D:8)
  4 scorpions
  10 killer bees
  15 wights
  6 howler monkeys
  6 electric eels (D:6)
  A lava snake (D:9)
  2 centaur zombies
  A bullfrog zombie (D:6)
  11 orc priests
  2 bullfrog skeletons
  3 hounds
  A jelly (D:7)
  A centaur skeleton (D:5)
  6 iguanas
  7 orc wizards
  7 worker ants
  A hound zombie (D:8)
  A hound skeleton (D:6)
  13 mummies (Ossuary)
  2 worker ant zombies
  18 gnolls
  12 adders
  3 shadow imps
  3 white imps
  3 ufetubi
  An adder zombie (D:8)
  3 worms
  2 dart slugs
  9 leopard geckos
  52 orcs
  7 giant cockroaches
  12 goblins
  11 hobgoblins
  12 jackals
  A quokka (D:4)
  A ball python skeleton (D:4)
  9 bats
  6 frilled lizards
  2 gnoll skeletons (Ossuary)
  2 goblin skeletons (Ossuary)
  28 kobolds
  A kobold skeleton (Ossuary)
  3 leopard gecko skeletons
  3 orc skeletons (Ossuary)
  A quokka skeleton (D:6)
  A quokka zombie (D:5)
  8 rats
  11 rat skeletons (Ossuary)
367 creatures vanquished.

Vanquished Creatures (collateral kills)
  A two-headed ogre (D:10)
1 creature vanquished.

Vanquished Creatures (others)
  2 two-headed ogres (D:10)
  14 fulminant prisms
  8 plants
24 creatures vanquished.

Grand Total: 392 creatures vanquished

Table legend: (Time is in decaauts)
 A = Elapsed time spent in this place.
 B = Non-inter-level travel time spent in this place.
 C = Inter-level travel time spent in this place.
 D = Time resting spent in this place.
 E = Time spent auto-exploring this place.
 F = Levels seen in this place.
 G = Mean time per level.
                   A        B        C        D        E       F      G
               +--------+--------+--------+--------+--------+-----+--------+
         Total |  16921 |  16564 |    357 |   3668 |  10221 |  12 | 1410.1 |
       Dungeon |  15089 |  14761 |    328 |   3067 |   9264 |  10 | 1508.9 |
        Temple |    115 |     86 |     29 |      0 |     77 |   1 |  115.0 |
       Ossuary |   1716 |   1716 |      0 |    601 |    880 |   1 | 1716.0 |
               +--------+--------+--------+--------+--------+-----+--------+

Top non-repeatable levels by time:
     D:7: 1996 daAuts
     D:9: 1928 daAuts
     D:2: 1869 daAuts
 Ossuary: 1716 daAuts
    D:10: 1672 daAuts
     D:8: 1532 daAuts
     D:4: 1497 daAuts
     D:1: 1452 daAuts
     D:6: 1367 daAuts
     D:3: 1015 daAuts
     D:5: 757 daAuts
  Temple: 115 daAuts

Table legend:
 A = Non-vault XP
 B = Vault XP
 C = Vault XP percentage of total XP
 D = Non-vault monster count
 E = Vault monster count
 F = Vault count percentage of total count
                 A         B        C        D         E       F
            +---------+---------+-------+---------+---------+-------
      Total |   13538 |    3966 |  22.7 |     288 |      81 |  22.0
            +---------+---------+-------+---------+---------+-------
        D:1 |      41 |       0 |   0.0 |      23 |       0 |   0.0
        D:2 |     359 |       0 |   0.0 |      45 |       0 |   0.0
        D:3 |     156 |       0 |   0.0 |      26 |       0 |   0.0
        D:4 |     609 |      47 |   7.2 |      23 |       5 |  17.9
        D:5 |     384 |       2 |   0.5 |      19 |       1 |   5.0
        D:6 |     403 |     631 |  61.0 |      14 |      10 |  41.7
        D:7 |     730 |     641 |  46.8 |      30 |       3 |   9.1
        D:8 |    1451 |     791 |  35.3 |      31 |      12 |  27.9
        D:9 |    1507 |      88 |   5.5 |      38 |       1 |   2.6
       D:10 |    7898 |    1511 |  16.1 |      39 |      18 |  31.6
    Ossuary |       0 |     255 | 100.0 |       0 |      31 | 100.0
            +---------+---------+-------+---------+---------+-------
